 Dungeon Crawl Stone Soup version 0.21-a0-630-g344d351 (webtiles) character file.

42 Monsterracer the Chopper (level 3, -3/31 HPs)
             Began as a Hill Orc Gladiator on Dec 25, 2017.
             Was a Follower of Zin.
             Slain by a gnoll
             ... wielding a +0 flail
              (6 damage)
             ... on level 2 of the Dungeon.
             The game lasted 00:03:00 (1972 turns).

Monsterracer the Chopper (Hill Orc Gladiator)       Turns: 1972, Time: 00:03:00

Health: -3/31      AC: 10    Str: 17    XL:     3   Next: 56%
Magic:  3/3        EV:  7    Int:  8    God:    Zin [*.....]
Gold:   122        SH:  0    Dex: 12    Spells: 2/2 levels left

rFire    + . .     SeeInvis .   a - +0 war axe
rCold    . . .     Gourm    .   (no shield)
rNeg     . . .     Faith    .   b - +0 chain mail (curse)
rPois    .         Spirit   .   c - +0 helmet
rElec    .         Reflect  .   (no cloak)
rCorr    .         Harm     .   (no gloves)
MR       .....                  h - +0 pair of boots
Stlth    ..........             (no amulet)
HPRegen  0.10/turn              g - ring of protection from fire {!d}
MPRegen  0.08/turn              (no ring)

@: no status effects
A: no striking features
a: Recite, Donate Gold, Renounce Religion


You were on level 2 of the Dungeon.
You worshipped Zin.
Zin was aware of your devotion.
You were not hungry.

You visited 1 branch of the dungeon, and saw 2 of its levels.

You collected 135 gold pieces.
You donated 13 gold pieces to Zin.

Inventory:

Hand Weapons
 a - a +0 war axe (weapon)
Missiles
 d - 3 throwing nets (quivered)
Armour
 b - a cursed +0 chain mail (worn)
 c - a +0 helmet (worn)
 h - a +0 pair of boots (worn)
 j - a +0 plate armour
Jewellery
 g - a ring of protection from fire (left hand) {!d}
Scrolls
 e - 2 scrolls of remove curse {unknown}
 i - a scroll of magic mapping {unknown}
 k - a scroll of teleportation {unknown}
Comestibles
 f - 5 rations


   Skills:
 + Level 3.0 Fighting
 * Level 5.0 Axes
 - Level 1.7 Throwing
 + Level 1.3 Armour
 - Level 2.5 Dodging


You had 2 spell levels left.
You didn't know any spells.

Dungeon Overview and Level Annotations

Branches:
Dungeon (2/15)

Altars:
Wu Jian
Zin
The Shining One


Message History

You closely miss the goblin. The goblin misses you. The goblin hits you.
* * * LOW HITPOINT WARNING * * *
You take 2 damage, and have 15/31 hp.
You miss the goblin.
You feel sick. The goblin completely misses you.
You take 1 damage, and have 14/31 hp.
You slash the goblin!
You kill the goblin!
Your Axes skill increases to level 5!
You start resting.
You feel sick. x6
You are no longer poisoned.
You take 4 damage, and have 10/31 hp.
You start resting.
HP restored.
Health restored: 31
There is an open door, spattered with blood here.
Found an ornate altar of the Wu Jian Council.
k - a scroll labeled BAL MEEMUPAI A worm comes into view.
Found 11 gold pieces.
A worm is nearby!
You barely miss the worm. You slash the worm!
The worm is heavily wounded.
The worm barely misses you.
You slash the worm!
The worm is almost dead.
The worm bites you.
You take 5 damage, and have 26/31 hp.
You completely miss the worm.
The worm is severely wounded.
The worm bites you but does no damage.
You slash the worm!
You kill the worm!
No target in view!
No target in view!
You are feeling hungry.
You butcher the worm corpse.
l - 2 chunks of flesh Eating one of 2 chunks of flesh.
You eat one of the 2 chunks of flesh.
This raw flesh tastes terrible.
You pay a tithe of 1 gold.
You now have 122 gold pieces (gained 10).
You see here a robe.
Found 6 stones.
Health restored: 31
Found a ring mail.
Found a stone staircase leading down.
Found a glowing golden altar of the Shining One.
f - 5 rations (gained 1)
Found a stone staircase leading up.
Done exploring.
Done exploring.
Done exploring.
You don't know any spells.
You can't go up here!
There is a stone staircase leading up here.
You climb upwards.
There is a stone staircase leading down here.
There is a stone staircase leading down here.
You climb downwards.
There is a stone staircase leading up here.
Done exploring.
All of the chunks of flesh in your inventory have rotted away.
The gnoll shouts!
The gnoll is too close now for your liking.
The gnoll barely misses you.
You hit the gnoll but do no damage. The gnoll hits you with a flail!
You take 7 damage, and have 24/31 hp.
MASSIVE DAMAGE!!
You closely miss the gnoll. The gnoll closely misses you.
You hit the gnoll.
The gnoll is lightly wounded.
The gnoll barely misses you.
Your chain mail prevents you from hitting the gnoll.
The gnoll is lightly wounded.
The gnoll barely misses you.
Your chain mail prevents you from hitting the gnoll.
The gnoll is lightly wounded.
The gnoll closely misses you.
You hit the gnoll.
The gnoll is heavily wounded.
The gnoll hits you with a flail.
You take 5 damage, and have 20/31 hp.
You barely miss the gnoll.
The gnoll is heavily wounded.
The gnoll hits you with a flail.
You take 2 damage, and have 18/31 hp.
You hit the gnoll.
The gnoll is severely wounded.
The gnoll barely misses you.
You hit the gnoll.
The gnoll is severely wounded.
The gnoll hits you with a flail!
* * * LOW HITPOINT WARNING * * *
You take 8 damage, and have 10/31 hp.
MASSIVE DAMAGE!!
You hit the gnoll.
The gnoll is almost dead.
The gnoll hits you with a flail!
* * * LOW HITPOINT WARNING * * *
The gnoll hits you with a flail.
You die...

.###### #.# .#
#########.# .#
#.........# ##
#.######### # #.# ##
#.# .# #.# .#
#.############# .#
#.........g@..#
.#################.#
.#.........# #.##.#
.#.#######.# #....#
.#.# #.# #.#### .#.#
#.####.# .#.#
#......# .#.#
######## .#.#


You could see a gnoll.

Vanquished Creatures
  A gnoll (D:1)
  An adder (D:2)
  2 worms (D:2)
  A giant cockroach (D:2)
  5 goblins
  2 hobgoblins
  A kobold (D:1)
  2 ball pythons (D:2)
  A bat (D:2)
  A frilled lizard (D:1)
  4 rats
21 creatures vanquished.

Notes
Turn   | Place    | Note
-------+----------+-------------------------------------------
     0 | D:1      | Monsterracer the Hill Orc Gladiator began the quest for the Orb.
     0 | D:1      | Reached XP level 1. HP: 18/18 MP: 1/1
   292 | D:1      | HP: 8/18 [kobold/club (2)]
   454 | D:1      | Reached XP level 2. HP: 25/25 MP: 2/2
  1200 | D:1      | HP: 11/25 [gnoll (4)]
  1201 | D:1      | Reached skill level 1 in Armour
  1201 | D:1      | Reached XP level 3. HP: 13/30 MP: 3/3
  1386 | D:2      | Found a glowing silver altar of Zin.
  1394 | D:2      | Became a worshipper of Zin the Law-Giver
  1394 | D:2      | Reached * piety under Zin
  1436 | D:2      | HP: 15/31 [goblin (2)]
  1438 | D:2      | Reached skill level 5 in Axes
  1441 | D:2      | HP: 13/31 [poisoned by an adder]
  1448 | D:2      | HP: 11/31 [poisoned by an adder]
  1456 | D:2      | HP: 10/31 [poisoned by an adder]
  1662 | D:2      | Found an ornate altar of the Wu Jian Council.
  1839 | D:2      | Found a glowing golden altar of the Shining One.
  1971 | D:2      | HP: 10/31 [gnoll/flail (8)]
  1972 | D:2      | HP: 3/31 [gnoll/flail (7)]
  1972 | D:2      | Slain by a gnoll

Vault maps used:
D:1:      kennysheep_arrival_seaside
D:2:      lemuel_crystal_altar, zin_academy, old_standard_altar,
          solitary_fountain

Skill      XL: |  1  2  3 |
---------------+----------+-----
Armour         | 1 |  1.3
Fighting       | 3 |  3.0
Axes           | 5 |  5.0
Throwing       | |  1.7
Dodging        | |  2.5

Action                   || total
-------------------------++-------
Melee: War axe           ||    85
  Eat: Chunk             ||     3
Armor: Leather armour    ||     3
       Chain mail        ||    28
       Ring mail         ||     1
Dodge: Dodged            ||    47

Table legend:
 A = Spawn XP
 B = Non-spawn XP
 C = Spawn XP percentage of total XP
 D = Spawn monster count
 E = Non-spawn monster count
 F = Spawn count percentage of total count
 G = Total turns spent on level
                    A         B        C        D         E        F      G
               +---------+---------+-------+---------+---------+-------+---------
         Total |       0 |      61 |   0.0 |       0 |      21 |   0.0 |  1972
               +---------+---------+-------+---------+---------+-------+---------
           D:1 |       0 |      29 |   0.0 |       0 |      11 |   0.0 |  1087
           D:2 |       0 |      32 |   0.0 |       0 |      10 |   0.0 |   885
               +---------+---------+-------+---------+---------+-------+---------

Vault maps used:
D:1:      kennysheep_arrival_seaside
D:2:      lemuel_crystal_altar, zin_academy, old_standard_altar,
          solitary_fountain
